 Dungeon Crawl Stone Soup version 0.26.1-11-gd32895ea62 (webtiles) character file.

Game seed: 12461684139354082641

914 ubername the Firebug (level 8, -2/50 HPs)
             Began as an Octopode Fire Elementalist on June 19, 2021.
             Slain by an ogre
             ... wielding a +0 giant club
              (6 damage)
             ... on level 5 of the Dungeon.
             The game lasted 00:16:38 (6657 turns).

ubername the Firebug (Octopode Fire Elementalist)   Turns: 6657, Time: 00:16:38

Health: -2/50      AC:  1    Str:  7    XL:     8   Next: 9%
Magic:  11/14      EV: 14    Int: 20    God:
Gold:   216        SH:  0    Dex: 12    Spells: 15/16 levels left

rFire    . . .     SeeInvis .   a - +3 hand axe
rCold    . . .     Faith    +   (no shield)
rNeg     . . .     Spirit   .   (helmet restricted)
rPois    +         Reflect  .   h - amulet of faith
rElec    .         Harm     .   m - ring of poison resistance
rCorr    .         Rampage  .   (no ring)
Will     .....                  (no ring)
Stlth    +++.......             (no ring)
HPRegen  0.16/turn              (no ring)
MPRegen  0.14/turn              (no ring)
                                (no ring)
                                (no ring)

@: flying
A: almost no armour, stealthy swim, amphibious, 8 rings, constrict 8, camouflage
1, gelatinous body 1
a: no special abilities


You were on level 5 of the Dungeon.
You visited 1 branch of the dungeon, and saw 5 of its levels.

You collected 216 gold pieces.

Inventory:

Hand Weapons
 a - a +3 hand axe (weapon)
 b - a +0 hunting sling
 e - a +0 short sword
 g - a +0 dagger
 i - a +0 short sword
 n - a +1 dagger of electrocution
Missiles
 d - 60 sling bullets
 o - 33 poisoned darts (quivered)
 s - 3 boomerangs
 t - 5 javelins
Jewellery
 h - an amulet of faith (around mantle)
 m - a ring of poison resistance (left tentacle)
Scrolls
 f - 3 scrolls of identify
 j - a scroll of immolation {unknown}
 k - 2 scrolls of teleportation
 q - 3 scrolls of random uselessness {unknown}
 r - a scroll of enchant weapon {unknown}
Potions
 c - 4 potions of curing
 p - 2 potions of heal wounds {unknown}
 u - a potion of magic {unknown}


   Skills:
 + Level 2.0 Fighting
 + Level 0.2 Axes
 + Level 2.3(2.9) Slings
 + Level 2.3(2.9) Throwing
 + Level 2.9 Dodging
 + Level 4.1 Stealth
 + Level 4.5 Spellcasting
 + Level 3.6 Conjurations
 + Level 4.9 Fire Magic


You had 15 spell levels left.
You knew the following spells:

 Your Spells              Type           Power        Failure   Level
a - Foxfire               Conj/Fire      84%          1%          1

Your spell library contained the following spells:

 Spells                   Type           Power        Failure   Level
 Conjure Flame            Conj/Fire      21%          6%          3
 Inner Flame              Hex/Fire       14%          13%         3
 Sticky Flame             Conj/Fire      21%          21%         4
 Fireball                 Conj/Fire      10%          50%         5


Dungeon Overview and Level Annotations

Branches:
Dungeon (5/15)
 Temple: D:4-7

Altars:

Annotations:
D:5 Grinder, Menkaure


Innate Abilities, Weirdness & Mutations

You cannot wear most types of armour.
You are very stealthy in the water. (Stealth+)
You are amphibious.
You can wear up to eight rings at the same time.
You can use your tentacles to constrict eight enemies at once.
Your skin changes colour to match your surroundings (Stealth+).
Your rubbery body absorbs attacks. (AC +1, EV +1)


Message History

The ogre is moderately wounded.
The howler monkey hoots and howls with incredible vigour!
The ogre closely misses you. The leopard gecko bites you.
* * * LOW HITPOINT WARNING * * *
You hear a shout!
You aren't carrying any items that you can evoke.
You hit the ogre.
The ogre is heavily wounded.
You barely miss the leopard gecko.
The foxfire hits the ogre.
The ogre is heavily wounded.
The foxfire hits the ogre.
The ogre is severely wounded.
The leopard gecko closely misses you. The ogre closely misses you.
An ogre comes into view. It is wielding a +0 giant spiked club.
You hit the ogre but do no damage.
The ogre is severely wounded.
You barely miss the leopard gecko. You hit the howler monkey.
The leopard gecko completely misses you.
The howler monkey barely misses you. The ogre hits you with a +0 giant club.
You die...

....... .......
#####O#####
.......
#...".....#
.......
#.).......#
.Y.....
#####.........#
.......
..........(...#
.......
#...........#
.......
#.O.......#
.....?.
#..@l.....#
..Z....
#.ยง.h.....#
#######
######.#### # #
### ... . # ..
# ... ##
########S.


You could see 2 ogres, a howler monkey (catching breath) and a leopard gecko.

Vanquished Creatures
  Sigmund (D:4)
  2 phantoms
  2 ogres (D:4)
  Blork the orc (D:4)
  A scorpion (D:4)
  2 orc wizards (D:4)
  3 worker ants (D:4)
  A hound skeleton (D:2)
  4 adders
  2 adder skeletons
  5 worms
  5 dart slugs
  A leopard gecko (D:2)
  14 orcs
  A ball python (D:1)
  9 bats
  5 giant cockroaches
  8 goblins
  9 hobgoblins
  8 kobolds
  3 quokkas
  3 frilled lizards
  A quokka skeleton (D:4)
  6 rats
97 creatures vanquished.

Vanquished Creatures (others)
  319 foxfires
319 creatures vanquished.

Grand Total: 416 creatures vanquished

Notes
Turn   | Place    | Note
-------+----------+-------------------------------------------
     0 | D:1      | ubername the Octopode Fire Elementalist began the quest for
                  | the Orb.
     0 | D:1      | Reached XP level 1. HP: 11/11 MP: 3/3
   322 | D:1      | Reached XP level 2. HP: 17/17 MP: 3/5
   929 | D:1      | Reached XP level 3. HP: 21/21 MP: 4/6
  1931 | D:2      | Reached XP level 4. HP: 27/27 MP: 4/7
  3120 | D:3      | Reached XP level 5. HP: 22/32 MP: 6/9
  3248 | D:3      | Noticed a phantom
  3317 | D:3      | Killed a phantom
  3318 | D:3      | Reached skill level 1 in Fighting
  3318 | D:3      | Reached skill level 1 in Slings
  3850 | D:3      | Reached XP level 6. HP: 38/38 MP: 5/10
  4959 | D:4      | Noticed a phantom
  4980 | D:4      | Killed a phantom
  4981 | D:4      | Reached XP level 7. HP: 25/43 MP: 4/12
  5200 | D:4      | Reached skill level 1 in Throwing
  5601 | D:4      | Noticed Sigmund
  5813 | D:5      | Entered Level 5 of the Dungeon
  5965 | D:5      | Noticed Menkaure
  5973 | D:5      | Noticed Grinder
  6049 | D:4      | Killed Sigmund
  6219 | D:4      | Reached XP level 8. HP: 50/50 MP: 12/14
  6269 | D:4      | Noticed Blork the orc
  6284 | D:4      | Killed Blork the orc
  6657 | D:5      | Slain by an ogre

Illustrated notes

Levels and vault maps discovered:
D:1:      lemuel_arrival_cross, layout_basic, hex_intersection, minmay_domino_4
D:2:      layout_rooms
D:3:      layout_basic, corexii_shack, minmay_joined_circles
D:4:      layout_loops_ring, uniq_blork_the_orc, uniq_sigmund
D:5:      layout_rooms, uniq_menkaure, uniq_grinder

Skill      XL: |  1  2  3  4  5  6  7  8 |
---------------+-------------------------+-----
Stealth        | 3 4 |  4.1
Spellcasting   | 3 4 |  4.5
Fighting       | 1 2 |  2.0
Slings         | 1 2 |  2.3
Fire Magic     | 4 |  4.9
Conjurations   | 2 3 |  3.6
Throwing       | 2 |  2.3
Axes           | |  0.2
Dodging        | |  2.9

Action                   |  1- 3 |  4- 6 |  7- 9 || total
-------------------------+-------+-------+-------++-------
Melee: Short sword       |    10 |     5 |       ||    15
       Constrict         |     4 |     1 |     3 ||     8
       Tentacles         |     3 |       |       ||     3
       Hand axe          |       |       |    14 ||    14
 Fire: Hunting sling     |     6 |    25 |       ||    31
Throw: Javelin           |       |     7 |    17 ||    24
       Stone             |       |     1 |       ||     1
       Dart              |       |       |     9 ||     9
 Cast: Foxfire           |    57 |   103 |    43 ||   203
  Use: Scroll            |     4 |     3 |       ||     7
       Potion            |     3 |     3 |     1 ||     7
Armor: Skin              |     7 |     5 |     4 ||    16
Dodge: Dodged            |    28 |    61 |    40 ||   129
